 Dungeon Crawl Stone Soup version 0.30-a0-509-gd016549fea (webtiles) character file.

Game seed: 363188296179608092

6 M4edhros the Charlatan (level 1, 0/13 HPs)
             Began as an Octopode Artificer on Dec 22, 2022.
             Frozen to death by an endoplasm (5 damage)
             ... on level 1 of the Dungeon.
             The game lasted 00:00:39 (198 turns).

M4edhros the Charlatan (Octopode Artificer)          Turns: 198, Time: 00:00:40

Health: 0/13       AC:  1    Str: 11    XL:     1   Next: 90%
Magic:  1/1        EV: 13    Int: 13    God:
Gold:   36         SH:  0    Dex: 12    Spells: 0/0 levels left

rFire   . . .      SeeInvis .    (no weapon)
rCold   . . .      Faith    .    (no shield)
rNeg    . . .      Spirit   .    (helmet restricted)
rPois   .          Reflect  .    (no amulet)
rElec   .          Harm     .    (no ring)
rCorr   .          Rampage  .    (no ring)
Will    .....                    (no ring)
Stlth   +++.......               (no ring)
HPRegen 0.22/turn                (no ring)
MPRegen 0.07/turn                (no ring)
                                 (no ring)
                                 (no ring)

@: no status effects
A: almost no armour, amphibious, 8 rings, camouflage 1, gelatinous body 1,
(nimble swimmer 1), tentacles
a: no special abilities


You were on level 1 of the Dungeon.
You visited 1 branch of the dungeon, and saw 1 of its levels.

You collected 36 gold pieces.

Inventory:

Wands
 b - a wand of flame (14) (quivered)
 c - a wand of charming (14)
 d - a wand of iceblast (5)
Scrolls
 f - 2 scrolls of identify {unknown}
Potions
 a - a potion of heal wounds {unknown}
 e - a potion of haste {unknown}


   Skills:
 + Level 1.1 Fighting
 * Level 2.5 Dodging
 + Level 1.7 Stealth
 + Level 3.3 Evocations


You couldn't memorise any spells.
You didn't know any spells.
Your spell library was empty.

Dungeon Overview and Level Annotations

Branches:
Dungeon (1/15)

Altars:


Innate Abilities, Weirdness & Mutations

You cannot wear most types of armour.
You are amphibious.
You can wear up to eight rings at the same time.
Your skin changes colour to match your surroundings (Stealth+).
Your rubbery body absorbs attacks. (AC +1, EV +1)
((You are camouflaged when in or above water. (Stealth+)))
You have tentacles for arms and can constrict up to eight enemies at once.


Message History

You tentacle-slap the ball python but do no damage.
You squeeze the ball python.
You kill the ball python!
No target in view!
No target in view!
Found 4 stones.
f - a scroll labelled OLA OMEMIMUWNI You now have 36 gold pieces (gained 12).
f - 2 scrolls labelled OLA OMEMIMUWNI (gained 1)
A kobold comes into view. It is wielding a +0 short sword.
A kobold comes into view. It is wielding a +0 short sword.
The helpless kobold fails to defend itself.
You tentacle-slap the kobold but do no damage.
The endoplasm quivers.
You grab the kobold.
You constrict the kobold, but do no damage.
The kobold hits you with a +0 short sword.
You tentacle-slap the kobold.
You kill the kobold!
You tentacle-slap the kobold.
You kill the kobold!
The endoplasm hits you.
You barely miss the endoplasm. The endoplasm freezes you.
You are frozen.
You tentacle-slap the endoplasm.
The endoplasm is heavily wounded.
The endoplasm freezes you.
You are frozen.
You are too injured to fight recklessly!
You are too injured to fight recklessly!
You are too injured to fight recklessly!
You are too injured to fight recklessly!
You are too injured to fight recklessly!
You are too injured to fight recklessly!
You barely miss the endoplasm.
The endoplasm is heavily wounded.
The endoplasm freezes you.
You are frozen.
You die...

###
##.....##.....#....##
##.................#####
#..#.....###...###......
#.##..........## ###..##
#.........###)# .##
####...>### #.. #
###....# #.. #......# ..
.....#.).@#
.........)J...#
#############.#


You could see an endoplasm.

Vanquished Creatures
  A bat (D:1)
  A hobgoblin (D:1)
  2 ball pythons (D:1)
  3 kobolds (D:1)
7 creatures vanquished.

Notes
Turn   | Place    | Note
-------+----------+-------------------------------------------
     0 | D:1      | M4edhros the Octopode Artificer began the quest for the
                  | Orb.
     0 | D:1      | Reached XP level 1. HP: 13/13 MP: 1/1
   198 | D:1      | Frozen to death by an endoplasm

Illustrated notes

Levels and vault maps discovered:
D:1:      onia_arrival_mini_maze, layout_rooms, nicolae_titane

Action                   || total
-------------------------++-------
Melee: Unarmed           ||    16
       Constrict         ||     6
       Punch             ||     1
       Tentacles         ||     1
Evoke: Wand              ||     2
 Stab: Sleeping          ||     2
Armor: Skin              ||     1
Dodge: Dodged            ||     4

Table legend: (Time is in decaauts)
 A = Elapsed time spent in this place.
 B = Non-inter-level travel time spent in this place.
 C = Inter-level travel time spent in this place.
 D = Time resting spent in this place.
 E = Time spent auto-exploring this place.
 F = Levels seen in this place.
 G = Mean time per level.
                   A        B        C        D        E       F      G
               +--------+--------+--------+--------+--------+-----+--------+
         Total |    198 |    198 |      0 |      0 |    118 |   1 |  198.0 |
       Dungeon |    198 |    198 |      0 |      0 |    118 |   1 |  198.0 |
               +--------+--------+--------+--------+--------+-----+--------+

Top non-repeatable levels by time:
     D:1: 198 daAuts
